 Dungeon Crawl Stone Soup version 0.23.0 (webtiles) character file.

Game seed: 1517423446476980325

21133 Raclure the Blocker (level 12, -10/109 HPs)
             Began as a Deep Dwarf Fighter on Feb 14, 2019.
             Was a Priest of Zin.
             Mangled by a skeletal warrior
             ... wielding a +0 war axe
             ... led by a skeletal warrior
              (13 damage)
             ... on level 14 of the Dungeon.
             The game lasted 02:29:07 (15818 turns).

Raclure the Blocker (Deep Dwarf Fighter)           Turns: 15818, Time: 02:29:08

Health: -10/109    AC: 17    Str: 32    XL:     12   Next: 51%
Magic:  0/0        EV:  7    Int: 10    God:    Zin [***...]
Gold:   343        SH: 20    Dex: 14    Spells: 11/11 levels left

rFire    . . .     SeeInvis .   a - +2 war axe
rCold    . . .     Gourm    +   q - +0 large shield
rNeg     . . .     Faith    .   K - +1 plate armour
rPois    .         Spirit   .   y - +0 helmet
rElec    .         Reflect  .   (no cloak)
rCorr    .         Harm     .   (no gloves)
MR       +....                  v - +0 pair of boots
Stlth    ..........             G - amulet of the gourmand
HPRegen  0.00/turn              X - +3 ring of strength
MPRegen  0.07/turn              c - +5 ring of strength

@: non-regenerating, heavily drained
A: damage resistance, heal wounds, hooves 1, thin skeletal structure 1, sense
surroundings 2, no regeneration
a: Heal Wounds, Recite, Vitalisation, Imprison, Donate Gold, Renounce Religion


You were on level 14 of the Dungeon.
You worshipped Zin.
Zin was most pleased with you.
You were not hungry.

You visited 2 branches of the dungeon, and saw 15 of its levels.
You visited 1 bazaar.
You also visited: Sewer.

You collected 906 gold pieces.
You spent 112 gold pieces at shops.
You donated 451 gold pieces to Zin.

Inventory:

Hand Weapons
 a - a +2 war axe (weapon)
 e - a +4 flail of draining
 r - a +4 dagger of chaos
 M - a +2 vampiric war axe
 P - a +2 dagger of draining
 W - the +9 staff of Olgreb {rPois}
   (You found it on level 10 of the Dungeon)

   It protects you from poison.
Missiles
 n - a throwing net (quivered)
 o - 3 tomahawks of returning
Armour
 b - a +0 troll leather armour
 q - a +0 large shield (worn)
 v - a +0 pair of boots (worn)
 y - a +0 helmet (worn)
 D - the +2 hat of the Bear Spirit {Spirit, +Rage rN+ MR++}
   (You found it on level 11 of the Dungeon)

   It protects you from negative energy.
   It affects your resistance to hostile enchantments.
   It lets you go berserk.
 K - a +1 plate armour (worn)
 L - a cursed +0 cloak
Magical Staves
 g - an uncursed staff of death
 C - an uncursed staff of summoning
Jewellery
 c - a +5 ring of strength (right hand)
 j - an uncursed ring of protection from magic
 l - an uncursed amulet of rage
 p - a +3 ring of dexterity
 u - an uncursed ring of protection from fire
 G - an amulet of the gourmand (around neck)
 J - a +2 ring of dexterity
 U - an uncursed ring of wizardry
 X - a +3 ring of strength (left hand)
 Y - an uncursed ring of protection from fire
Wands
 i - a wand of digging (4)
 z - a wand of enslavement (11)
 A - a wand of acid (5)
 B - a wand of flame (45)
 O - a wand of random effects (24)
 S - a wand of paralysis (17)
Scrolls
 t - a scroll of remove curse
 E - a scroll of amnesia
 F - a scroll of identify
 H - 2 scrolls of magic mapping
Potions
 d - 2 potions of lignification
 h - 4 potions of flight
 k - 2 potions of haste
 m - 3 potions of mutation
 w - 4 potions of curing
 x - 5 potions of agility
 I - 3 potions of brilliance
Miscellaneous
 N - a crystal ball of energy
Comestibles
 f - 22 rations


   Skills:
 + Level 7.2(5.3) Fighting
 + Level 10.4(9.9) Axes
 + Level 9.2(8.8) Maces & Flails
 + Level 0.1(0.0) Throwing
 + Level 9.4(7.4) Armour
 + Level 5.2(3.4) Dodging
 + Level 1.6(0.0) Stealth
 + Level 12.7(10.5) Shields
 + Level 0.2(0.0) Invocations


You had 11 spell levels left.
You didn't know any spells.
Your spell library was empty.

Dungeon Overview and Level Annotations

Branches:
Dungeon (14/15)            Temple (0/1) D:5            Lair (1/6) D:11
    Orc (0/2) D:11
 Vaults: D:13-14

Altars:
Cheibriados
Dithmenos
Elyvilon
Fedhas
Gozag
Qazlal
Sif Muna
Uskayaw
Vehumet
Wu Jian
Xom
Zin
The Shining One

Shops:
D:5 *   D:11 (!}


Innate Abilities, Weirdness & Mutations

You are resistant to damage.
You can heal yourself by infusing magical energy.
You passively map the area around you.
You do not regenerate.
You have large cloven feet.
You have a somewhat thin skeletal structure. (Dex +2, Stealth)


Message History

The skeletal warrior hits you from afar with a +0 halberd!!
* * * LOW HITPOINT WARNING * * *
Unknown command.
You hit the skeletal warrior but do no damage.
The skeletal warrior is moderately damaged.
You hit the skeletal warrior but do no damage.
The skeletal warrior barely misses you.
You block the skeletal warrior's attack.
The skeletal warrior hits you from afar with a +0 halberd!
* * * LOW HITPOINT WARNING * * *
You hit the skeletal warrior but do no damage.
The skeletal warrior is moderately damaged.
You hit the skeletal warrior but do no damage.
You block the skeletal warrior's attack. x2
You closely miss the skeletal warrior.
The skeletal warrior is moderately damaged.
You hit the skeletal warrior but do no damage.
You block the skeletal warrior's attack.
The skeletal warrior hits you with a +0 war axe!
You die...

#...>..##...#..#.##....##
#.....##.......†..#.....#,
##...##..............#....#
#...................###^.#
###..#...............# # ,
###...##.............. *
#... #..zZ............* ..
*##zz#####..#....# #.@#
######.## #### *##


You could see 3 skeletal warriors and a centaur warrior skeleton.

Vanquished Creatures
  A catoblepas (D:13)
  A centaur warrior (D:13)
  4 two-headed ogres
  A death yak (D:10)
  An unseen horror (D:14)
  2 cyclopes
  2 manticores
  2 gargoyles
  A komodo dragon (D:14)
  5 trolls
  3 polar bears (D:10)
  A meliai (shapeshifter) (D:13)
  A hornet (D:14)
  Grinder (D:5)
  4 hippogriffs
  A meliai zombie (D:13)
  A wraith (D:13)
  5 yaks (D:10)
  A spriggan (D:7)
  Edmund (D:6)
  5 soldier ants (D:10)
  2 acid dragons
  3 water moccasins
  4 black bears
  3 ice beasts (D:10)
  A phantom (D:8)
  5 sky beasts
  An eye of draining (D:13)
  4 orc warriors
  A necrophage (D:12)
  An ogre (D:4)
  A hornet zombie (D:14)
  2 wolves (D:10)
  6 centaurs
  2 crocodiles
  4 bullfrogs
  A water moccasin zombie (D:10)
  4 wyvern skeletons
  A water moccasin skeleton (D:6)
  5 scorpions
  19 killer bees
  9 howler monkeys
  7 crimson imps
  2 quasits (D:10)
  13 hounds
  3 centaur zombies
  3 jellies
  9 orc priests
  3 bullfrog skeletons
  8 orc wizards
  3 centaur skeletons
  A gnoll shaman (D:9)
  3 iguanas
  14 worker ants
  A killer bee zombie (D:6)
  2 bullfrog simulacra (D:10)
  4 centaur simulacra (D:10)
  A hound zombie (D:7)
  A hound skeleton (D:4)
  A killer bee simulacrum (D:10)
  Robin (D:2)
  A howler monkey zombie (D:9)
  12 adders
  11 gnolls
  6 river rats
  4 shadow imps
  3 white imps (D:10)
  2 worker ant simulacra (D:10)
  2 ufetubi (D:10)
  2 oozes
  2 adder skeletons (D:9)
  An adder zombie (D:4)
  4 worms
  3 dart slugs
  A leopard gecko (D:1)
  31 orcs
  5 giant cockroaches
  8 hobgoblins
  16 jackals
  3 ball pythons
  18 bats
  6 frilled lizards
  17 goblins
  6 kobolds
  A leopard gecko skeleton (D:7)
  A quokka skeleton (D:5)
  14 rats
383 creatures vanquished.

Notes
Turn   | Place    | Note
-------+----------+-------------------------------------------
     0 | D:1      | Raclure the Deep Dwarf Fighter began the quest for the Orb.
     0 | D:1      | Reached XP level 1. HP: 20/20 MP: 1/1
   573 | D:1      | Reached XP level 2. HP: 27/27 MP: 2/2
  1452 | D:2      | Noticed Robin
  1457 | D:2      | Reached XP level 3. HP: 34/34 MP: 3/3
  1462 | D:2      | Killed Robin
  1538 | D:2      | Gained mutation: You have large cloven feet. [potion of
                  | mutation]
  1538 | D:2      | Gained mutation: You have a somewhat thin skeletal
                  | structure. (Dex +2, Stealth) [potion of mutation]
  2650 | D:3      | Reached XP level 4. HP: 32/42 MP: 4/4
  2674 | D:3      | Reached skill level 4 in Shields
  2876 | D:3      | Reached XP level 5. HP: 35/49 MP: 4/4
  2929 | D:3      | Reached skill level 1 in Stealth
  3081 | D:3      | Reached skill level 1 in Dodging
  3192 | D:3      | Reached XP level 6. HP: 22/56 MP: 5/5
  3325 | D:3      | Found a white marble altar of Elyvilon.
  3406 | D:3      | Found a shimmering altar of Xom.
  3460 | D:3      | Reached skill level 5 in Axes
  3549 | D:4      | Reached skill level 5 in Shields
  3729 | D:4      | Found a radiant altar of Vehumet.
  3995 | D:4      | Reached XP level 7. HP: 55/63 MP: 6/6
  4443 | D:5      | Entered Level 5 of the Dungeon
  4443 | D:5      | Found an opulent altar of Gozag.
  4444 | D:5      | Found Gozag's Platinum Reserve.
  4550 | D:5      | Found a hide-covered altar of Uskayaw.
  4682 | D:5      | Found a shadowy altar of Dithmenos.
  4683 | D:5      | Found a snail-covered altar of Cheibriados.
  4688 | D:5      | Found an ornate altar of the Wu Jian Council.
  4729 | D:5      | Reached XP level 8. HP: 25/72 MP: 7/7
  4809 | D:5      | Noticed Grinder
  4849 | D:5      | Paralysed by Grinder for 2 turns
  4898 | D:5      | Killed Grinder
  4898 | D:5      | Reached skill level 6 in Shields
  4935 | D:5      | Found a staircase to the Ecumenical Temple.
  5294 | D:6      | Found a glowing silver altar of Zin.
  5572 | D:6      | Found a deep blue altar of Sif Muna.
  5868 | D:6      | Found a glowing drain.
  5900 | Sewer    | Entered a sewer
  6102 | D:6      | Reached skill level 5 in Armour
  6279 | D:6      | Reached skill level 7 in Shields
  6460 | D:6      | Noticed Edmund
  6491 | D:6      | Killed Edmund
  6491 | D:6      | Gained mutation: You passively map the area around you.
                  | [Deep Dwarf growth]
  6491 | D:6      | Reached XP level 9. HP: 73/79 MP: 5/5
  7002 | D:7      | Found a stormy altar of Qazlal.
  7360 | D:7      | Reached skill level 1 in Maces & Flails
  8473 | D:8      | Reached skill level 5 in Fighting
  8668 | D:9      | Noticed a troll
  8696 | D:9      | Reached skill level 8 in Shields
  8710 | D:9      | Killed a troll
  8895 | D:9      | Reached XP level 10. HP: 86/88 MP: 6/6
  8978 | D:9      | Found a blossoming altar of Fedhas.
  9520 | D:9      | Reached skill level 5 in Maces & Flails
 10047 | D:9      | Found a glowing golden altar of the Shining One.
 10186 | D:10     | Entered Level 10 of the Dungeon
 10243 | D:10     | Noticed a gargoyle
 10257 | D:10     | Killed a gargoyle
 10257 | D:10     | Reached skill level 9 in Shields
 10465 | D:10     | Found a runed translucent door.
 10466 | D:10     | Found a runed translucent gate.
 10466 | D:10     | Found a runed translucent gate.
 10473 | D:10     | Found the +9 staff of Olgreb {rPois}
 10665 | D:10     | Found a runed translucent door.
 10683 | D:10     | Found a runed translucent gate.
 10757 | D:10     | Reached skill level 10 in Shields
 11122 | D:10     | Reached XP level 11. HP: 19/97 MP: 5/5
 11204 | D:10     | Noticed a death yak
 11207 | D:10     | Noticed a two-headed ogre
 11220 | D:10     | Killed a death yak
 11226 | D:10     | Killed a two-headed ogre
 11226 | D:10     | Reached skill level 5 in Dodging
 12216 | D:11     | Got a faintly humming chain mail
 12223 | D:11     | Found Nogucvyff's Distillery.
 12266 | D:11     | Reached skill level 11 in Shields
 12405 | D:11     | Found Caoch's Weapon Shop.
 12418 | D:11     | Found a staircase to the Lair.
 12476 | Lair:1   | Entered Level 1 of the Lair of Beasts
 12590 | D:11     | Found Cuolua Qiane's Gadget Shoppe.
 12596 | D:11     | Noticed a two-headed ogre
 12607 | D:11     | Killed a two-headed ogre
 12654 | D:11     | Found the +2 hat of the Bear Spirit {Spirit, +Rage rN+
                  | MR++}
 12687 | D:11     | Found a staircase to the Orcish Mines.
 13188 | D:12     | Noticed a two-headed ogre
 13210 | D:12     | Killed a two-headed ogre
 13362 | D:12     | Noticed a white ugly thing
 13697 | D:12     | Found a glowing silver altar of Zin.
 13713 | D:12     | Became a worshipper of Zin the Law-Giver
 13713 | D:12     | Reached * piety under Zin
 13713 | D:12     | Reached ** piety under Zin
 13717 | D:12     | Donated 361 gold pieces to Zin
 14314 | D:12     | Reached *** piety under Zin
 14684 | D:13     | Noticed a two-headed ogre
 14697 | D:13     | Killed a two-headed ogre
 14697 | D:13     | Reached skill level 12 in Shields
 14697 | D:13     | Reached XP level 12. HP: 35/106 MP: 3/3
 14977 | D:13     | Found a flickering gateway to a bazaar.
 14987 | Bazaar   | Entered a bazaar
 14991 | Bazaar   | Found Xuitaweu's Armour Boutique.
 14995 | Bazaar   | Found Pijuusm's Weapon Boutique.
 14995 | Bazaar   | Found Ybboup's General Store.
 14995 | Bazaar   | Found Opitenag's Magic Scroll Boutique.
 15019 | Bazaar   | Bought a scroll of enchant armour for 112 gold pieces
 15317 | D:13     | Noticed a catoblepas
 15338 | D:13     | Killed a catoblepas
 15348 | D:13     | Noticed a centaur warrior
 15358 | D:13     | Killed a centaur warrior
 15373 | D:13     | Reached skill level 10 in Axes
 15649 | D:14     | Noticed a centaur warrior
 15816 | D:14     | HP: 3/109 [skeletal warrior/+0 halberd[a skeletal warrior]
                  | (13)]
 15818 | D:14     | Mangled by a skeletal warrior

Skill      XL: |  1  2  3  4  5  6  7  8  9 10 11 12 |
---------------+-------------------------------------+-----
Fighting       | 3 4 5 6 7 |  7.2
Axes           | 3 4 5 6 8 9 10 | 10.4
Shields        | 4 5 7 8 10 12 | 12.7
Stealth        | 1 |  1.6
Armour         | 4 5 6 7 8 9 |  9.4
Dodging        | 1 3 4 5 |  5.2
Maces & Flails | 4 7 9 |  9.2
Throwing       | |  0.1
Invocations    | |  0.2

Action                   |  1- 3 |  4- 6 |  7- 9 | 10-12 || total
-------------------------+-------+-------+-------+-------++-------
Melee: War axe           |   131 |   140 |   240 |   222 ||   733
       Kick              |    12 |    32 |       |       ||    44
       Unarmed           |       |       |     1 |       ||     1
       Flail             |       |       |   171 |   637 ||   808
       Staff             |       |       |       |     1 ||     1
Throw: Throwing net      |       |       |       |     1 ||     1
Invok: Vitalisation      |       |       |       |     2 ||     2
       Donate Gold       |       |       |       |     1 ||     1
 Abil: Heal Wounds       |       |     4 |     9 |    39 ||    52
  Use: Scroll            |     4 |     6 |     9 |    16 ||    35
       Potion            |     3 |     1 |     2 |    11 ||    17
  Eat: Ration            |     2 |       |     3 |     2 ||     7
       Chunk             |       |     3 |    11 |    16 ||    30
Armor: Scale mail        |    73 |    74 |   121 |       ||   268
       Plate armour      |       |       |    34 |   547 ||   581
       Troll leather arm |       |       |       |     4 ||     4
Dodge: Dodged            |    44 |    30 |   102 |   206 ||   382
Block: Shield            |    86 |       |       |       ||    86
       Large shield      |    28 |   144 |   430 |  1148 ||  1750
